 Dungeon Crawl Stone Soup version 0.30-a0-924-g0ad0bf95bc (webtiles) character file.

Game seed: 13640571211375595870

1658 ZappyNine the Conjurer (level 8, -9/70 HPs)
             Began as a Purple Draconian Conjurer on Mar 22, 2023.
             Was an Initiate of Dithmenos.
             Shot with a bolt by a centaur (17 damage)
             ... on level 6 of the Dungeon.
             The game lasted 00:12:02 (6966 turns).

ZappyNine the Conjurer (Purple Draconian Conjurer)  Turns: 6966, Time: 00:12:02

Health: -9/70      AC:  9    Str: 10    XL:     8   Next: 68%
Magic:  8/15       EV: 27    Int: 21    God:    Dithmenos [......]
Gold:   251        SH:  0    Dex:  9    Spells: 5/18 levels left

rFire   . . .      SeeInvis .    y - +5 quarterstaff of Rovaywar {flame, rF+ rN+}
rCold   . . .      Faith    .    (shield currently unavailable)
rNeg    + . .      Spirit   .    (body armour unavailable)
rPois   .          Reflect  .    (helmet restricted)
rElec   .          Rampage  .    (no cloak)
rCorr   +                        z - +2 pair of gloves
Will    +....                    (no boots)
Stlth   +++                      j - amulet of the acrobat
HPRegen 0.31/turn                p - ring of resist corrosion
MPRegen 0.14/turn                (no ring)

@: acrobatic, very slightly contaminated
A: breathe power, AC +6, unfitting armour, cold-blooded, camouflage 1, low MP 1,
heat vulnerability 1, noise suppression
a: Breathe Dispelling Energy, Renounce Religion


You were on level 6 of the Dungeon.
You worshipped Dithmenos.
Dithmenos was noncommittal.
You visited 2 branches of the dungeon, and saw 7 of its levels.

You collected 251 gold pieces.

Inventory:

Hand Weapons
 d - a +0 dagger of draining
 g - a +0 whip of venom
 y - the +5 quarterstaff of Rovaywar (weapon) {flame, rF+ rN+}
   (You found it on level 4 of the Dungeon)

   rF:        It protects you from fire.
   rN:        It protects you from negative energy.
Missiles
 v - 4 throwing nets
Armour
 z - a +2 pair of gloves (worn)
Jewellery
 e - an amulet of guardian spirit
 j - an amulet of the acrobat (around neck)
 p - a ring of resist corrosion (left hand)
 x - a +6 ring of dexterity
 A - an amulet of faith
 F - a ring of ice
Wands
 k - a wand of roots (40)
 q - a wand of flame (17)
 u - a wand of mindburst (8)
Scrolls
 f - 7 scrolls of fear
 h - 5 scrolls of teleportation
 i - a scroll of magic mapping
 r - a scroll of enchant weapon {unknown}
 s - 2 scrolls of vulnerability {unknown}
 t - 2 scrolls of fog {unknown}
 w - a scroll of amnesia {unknown}
 D - a scroll of enchant armour {unknown}
 E - a scroll of identify
 G - a scroll of blinking {unknown}
Potions
 a - 2 potions of magic
 b - 2 potions of lignification
 c - 2 potions of cancellation
 l - 2 potions of might {unknown}
 m - a potion of attraction {unknown}
 n - 2 potions of heal wounds
 o - 3 potions of curing {unknown}
 B - a potion of degeneration {unknown}
 C - a potion of brilliance {unknown}


   Skills:
 + Level 6.2 Fighting
 + Level 3.6 Staves
 - Level 1.7 Dodging
 - Level 1.7 Stealth
 - Level 5.9 Spellcasting
 - Level 6.3 Conjurations
 - Level 5.1 Hexes


You had 5 spell levels left.
You knew the following spells:

 Your Spells              Type           Power      Damage    Failure   Level
a - Magic Dart            Conj           100%       1d8       1%          1
b - Searing Ray           Conj           66%        2d6       1%          2
c - Fulminant Prism       Conj/Hex       15%        3d10      10%         4
d - Dazzling Flash        Conj/Hex       60%        N/A       2%          3
e - Tukima's Dance        Hex            27%        N/A       3%          3

Your spell library contained the following spells:

 Spells                   Type           Power      Damage    Failure   Level
 Portal Projectile        Hex/Tloc       32%        N/A       11%         3
 Iskenderun's Mystic Bla  Conj/Tloc      19%        2d6       26%         4
 Blade Hands              Tmut           3%         N/A       95%         5


Dungeon Overview and Level Annotations

Branches:
Dungeon (6/15)             Temple (1/1) D:5

Altars:
Ashenzari
Cheibriados
Dithmenos
Elyvilon
Fedhas
Kikubaaqudgha
Nemelex Xobeh
Okawaru
Qazlal
Ru
Sif Muna
Vehumet
Xom
Zin
The Shining One

Shops:
D:1 :   D:4 (

Annotations:
Temple 2 transporters


Innate Abilities, Weirdness & Mutations

You can breathe bolts of dispelling energy.
Your rich purple scales are hard. (AC +6)
You cannot fit into any form of body armour.
You are cold-blooded and may be slowed by cold attacks.
Your skin changes colour to match your surroundings (Stealth+).
Your magical capacity is low. (-10% MP)
You are vulnerable to heat. (rF-)
You passively dampen the noise of your surroundings.


Message History

The centaur shoots an arrow.
The arrow completely misses you.
You start resting.
HP restored.
You start resting.
Magic restored.
You see here 17 gold pieces.
Casting: Fulminant Prism (dangerous; 10% risk of failure)
Confirm with . or Enter, or press ? or * to list all spells.
Aiming: Fulminant Prism (dangerous; 10% risk of failure)
Press: ? - help, Dir - move target You conjure a prism of explosive energy!
The centaur shouts!
A fulminant prism comes into view.
The centaur shoots a bolt.
The bolt misses you.
Unknown command.
Unknown command.
The centaur shoots a bolt.
The bolt hits you!
Your fulminant prism crackles loudly.
The centaur shoots a bolt.
The bolt hits you!
Your fulminant prism explodes!
The blast of energy engulfs the centaur!
The centaur is severely wounded.
The blast of energy engulfs the centaur!
The centaur is almost dead.
The centaur shoots a bolt.
The bolt hits you.
The centaur shoots a bolt.
The bolt completely misses you.
You see here 17 gold pieces.
Casting: Fulminant Prism (dangerous; 10% risk of failure)
Confirm with . or Enter, or press ? or * to list all spells.
Aiming: Fulminant Prism (dangerous; 10% risk of failure)
Press: ? - help, Dir - move target You miscast Fulminant Prism.
You are very lightly contaminated with residual magic.
The air around you crackles with energy.
The centaur shoots a bolt.
The bolt hits you!
The centaur shoots a bolt.
The bolt hits you!
* * * LOW HITPOINT WARNING * * *
Unknown command.
The centaur shoots a bolt.
The bolt hits you!
You die...

##.≈≈≈≈≈≈≈≈≈..# .≈≈ .
#..#≈≈≈≈≈≈≈≈≈)# ..≈≈ .
##.## #≈≈≈≈≈≈≈.# #c≈≈≈ .
#..####.≈≈≈≈≈≈.####c≈≈≈≈
.
#.###.....≈≈≈≈≈..≈≈≈≈≈≈#
.
##.##.......≈≈≈≈≈≈≈≈≈≈≈#
. .............#≈≈≈≈≈≈.#
. .#...........##..$#
.##..........##.@##
.###.......^#...## .#
##.......)...# .#
#....[.#...##
#####..).#####.#
.......)## #.# .#
........# #.. ..
........# ##.###.. ..
......(.## ##..#... #..


You could see 2 centaurs.

Vanquished Creatures
  Sigmund (D:3)
  An ice beast (D:6)
  An ogre (D:6)
  A black bear (D:5)
  5 centaurs (D:6)
  2 scorpions (D:5)
  A crimson imp (D:6)
  5 hounds
  4 iguanas
  A jelly (D:4)
  A sleepcap (D:4)
  Terence (D:3)
  Robin (D:3)
  8 adders
  10 gnolls
  3 white imps (D:6)
  3 ufetubi
  2 worms
  A dart slug (D:2)
  8 orcs
  7 endoplasms
  4 giant cockroaches
  9 goblins
  11 hobgoblins
  10 jackals
  6 kobolds
  4 quokkas
  8 ball pythons
  6 bats
  5 frilled lizards
  A goblin skeleton (D:6)
  2 hobgoblin zombies (D:6)
  2 kobold zombies (D:6)
  2 orc skeletons (D:6)
  4 rats
  A fulminant prism (D:6)
142 creatures vanquished.

Vanquished Creatures (others)
  19 fulminant prisms
  9 plants (D:5)
28 creatures vanquished.

Grand Total: 170 creatures vanquished

Notes
Turn   | Place    | Note
-------+----------+-------------------------------------------
     0 | D:1      | ZappyNine the Draconian Conjurer began the quest for the
                  | Orb.
     0 | D:1      | Reached XP level 1. HP: 14/14 MP: 3/3
   240 | D:1      | Reached skill level 1 in Fighting
   371 | D:1      | Reached XP level 2. HP: 23/23 MP: 1/5
   376 | D:1      | Learned a level 2 spell: Searing Ray
   780 | D:1      | Found Ofucewk's Book Emporium.
  1238 | D:2      | Reached XP level 3. HP: 29/29 MP: 6/6
  1982 | D:3      | Noticed Robin
  1982 | D:3      | Noticed Sigmund
  2151 | D:2      | Gained mutation: You have hidden genetic defects. [potion
                  | of mutation]
  2151 | D:2      | Gained mutation: You have very sharp teeth. [potion of
                  | mutation]
  2151 | D:2      | Gained mutation: You passively dampen the noise of your
                  | surroundings. [potion of mutation]
  2151 | D:2      | Gained mutation: Your mind is acute. (Int +4, Str/Dex -1)
                  | [potion of mutation]
  2152 | D:2      | Lost mutation: Your mind is acute. (Int +4, Str/Dex -1)
                  | [potion of mutation]
  2152 | D:2      | Lost mutation: You have very sharp teeth. [potion of
                  | mutation]
  2152 | D:2      | Gained mutation: Your skin changes colour to match your
                  | surroundings (Stealth+). [potion of mutation]
  2177 | D:3      | Killed Sigmund
  2178 | D:3      | Reached XP level 4. HP: 28/40 MP: 1/8
  2178 | D:3      | Reached XP level 5. HP: 32/46 MP: 1/9
  2190 | D:3      | Gained mutation: You are vulnerable to heat. (rF-) [hidden
                  | defects]
  2436 | D:3      | Reached skill level 5 in Conjurations
  2495 | D:3      | Gained mutation: Your magical capacity is low. (-10% MP)
                  | [hidden defects]
  2495 | D:3      | Lost mutation: You have hidden genetic defects. [hidden
                  | defects expressed]
  2656 | D:3      | Killed Robin
  2657 | D:3      | Reached XP level 6. HP: 49/53 MP: 8/9
  2705 | D:3      | Learned a level 4 spell: Fulminant Prism
  2855 | D:3      | Found a broken altar of Ashenzari.
  2855 | D:3      | Found a shimmering altar of Xom.
  2856 | D:3      | Noticed Terence
  2869 | D:3      | Killed Terence
  3098 | D:3      | Reached skill level 1 in Hexes
  3677 | D:4      | Identified the +5 quarterstaff of Rovaywar {flame, rF+ rN+}
  3825 | D:4      | Found Lamumoc's Weapon Emporium.
  4446 | D:5      | Entered Level 5 of the Dungeon
  4447 | D:5      | Found a staircase to the Ecumenical Temple.
  4463 | D:5      | Your scales start taking on a rich purple colour.
  4463 | D:5      | Reached XP level 7. HP: 60/60 MP: 4/12
  4522 | Temple   | Entered the Ecumenical Temple
  4522 | Temple   | Found a transporter.
  4522 | Temple   | Found a transporter.
  4524 | Temple   | Found a transporter.
  4524 | Temple   | Found a transporter.
  4542 | Temple   | Became a worshipper of Dithmenos the Shadowed
  4620 | D:5      | Learned a level 3 spell: Dazzling Flash
  4624 | D:5      | Learned a level 3 spell: Tukima's Dance
  4818 | D:5      | Reached skill level 5 in Spellcasting
  5916 | D:6      | Reached XP level 8. HP: 33/67 MP: 1/14
  5919 | D:6      | Reached skill level 5 in Hexes
  6051 | D:6      | Reached skill level 1 in Staves
  6170 | D:6      | Found a glowing golden altar of the Shining One.
  6176 | D:6      | Reached skill level 5 in Fighting
  6509 | D:6      | Reached * piety under Dithmenos
  6966 | D:6      | Shot with a bolt by a centaur

Illustrated notes

Levels and vault maps discovered:
D:1:      lemuel_arrival_muddy, layout_loops_ring, serial_shops,
          nicolae_shop_hallway_plus, st_stairs_6
D:2:      layout_loops_corners
D:3:      layout_loops_ring, gammafunk_temple_overflow_pools,
          grunt_ministairs_14, kennysheep_generic_room_7, uniq_robin,
          uniq_sigmund, uniq_terence
D:4:      layout_loops_corners, serial_shops, kennysheep_mini_moat
D:5:      minmay_skewed_foursquare, layout_loops_ring,
          minmay_temple_entry_statues, serial_bayou_ford_a
D:6:      layout_layer_cave, makhleb_altar_promises_db,
          nicolae_tso_besieged_by_evil, serial_shops, kennysheep_little_box,
          centaur_isle
Temple:   hellmonk_temple_divided_pantheon

Skill      XL: |  1  2  3  4  5  6  7  8 |
---------------+-------------------------+-----
Fighting       | 1 2 4 6 |  6.2
Spellcasting   | 3 4 5 |  5.9
Conjurations   | 5 6 |  6.3
Hexes          | 3 4 5 |  5.1
Staves         | 3 |  3.6
Dodging        | |  1.7
Stealth        | |  1.7

Action                     |  1- 3 |  4- 6 |  7- 9 || total
---------------------------+-------+-------+-------++-------
  Melee: Dagger            |    24 |       |       ||    24
         Tailslap          |    15 |    21 |    12 ||    48
         Whip              |    85 |   119 |       ||   204
         Punch             |     1 |     1 |       ||     2
         Quarterstaff      |       |    31 |    97 ||   128
   Cast: Magic Dart        |     7 |       |     3 ||    10
         Searing Ray       |     5 |    10 |     8 ||    23
         Fulminant Prism   |       |       |    20 ||    20
         Dazzling Flash    |       |       |     1 ||     1
Ability: Breathe Dispellin |       |       |     1 ||     1
    Use: Scroll            |     7 |     1 |       ||     8
         Potion            |     2 |       |       ||     2
   Stab: Sleeping          |     1 |     5 |     1 ||     7
 Armour: Skin              |    26 |    51 |    43 ||   120
  Dodge: Dodged            |   114 |   146 |   131 ||   391

Table legend: (Time is in decaauts)
 A = Elapsed time spent in this place.
 B = Non-inter-level travel time spent in this place.
 C = Inter-level travel time spent in this place.
 D = Time resting spent in this place.
 E = Time spent auto-exploring this place.
 F = Levels seen in this place.
 G = Mean time per level.
                   A        B        C        D        E       F      G
               +--------+--------+--------+--------+--------+-----+--------+
         Total |   7046 |   6767 |    279 |    907 |   4645 |   7 | 1006.6 |
       Dungeon |   7010 |   6739 |    271 |    907 |   4645 |   6 | 1168.3 |
        Temple |     36 |     28 |      8 |      0 |      0 |   1 |   36.0 |
               +--------+--------+--------+--------+--------+-----+--------+

Top non-repeatable levels by time:
     D:5: 1350 daAuts
     D:3: 1191 daAuts
     D:6: 1176 daAuts
     D:4: 1175 daAuts
     D:1: 1132 daAuts
     D:2: 983 daAuts
  Temple: 36 daAuts
